 Dungeon Crawl Stone Soup version 0.26.1-11-gd32895ea62 (webtiles) character file.

Game seed: 10249845771844888398

68 Zeld the Chopper (level 4, -7/39 HPs)
             Began as a Minotaur Berserker on May 25, 2021.
             Was a Believer of Trog.
             Mangled by a worm (11 damage)
             ... while paralysed
             ... on level 2 of the Dungeon.
             The game lasted 00:02:12 (2368 turns).

Zeld the Chopper (Minotaur Berserker)               Turns: 2368, Time: 00:02:13

Health: -7/39      AC:  0    Str: 23    XL:     4   Next: 1%
Magic:  3/3        EV:  2    Int:  4    God:    Trog [**....]
Gold:   99         SH:  0    Dex:  9    Spells: 3/3 levels left

rFire    . . .     SeeInvis .   a - +0 hand axe
rCold    . . .     Faith    .   (no shield)
rNeg     . . .     Spirit   .   (no armour)
rPois    .         Reflect  .   (helmet restricted)
rElec    .         Harm     .   (no cloak)
rCorr    .         Rampage  .   (no gloves)
Will     .....                  (no boots)
Stlth    +.........             (no amulet)
HPRegen  0.13/turn              (no ring)
MPRegen  0.08/turn              (no ring)

@: paralysed, berserk cooldown, slowed
A: retaliatory headbutt, horns 2
a: Renounce Religion, Berserk, Trog's Hand


You were on level 2 of the Dungeon.
You worshipped Trog.
Trog was pleased with you.
You visited 1 branch of the dungeon, and saw 3 of its levels.

You collected 99 gold pieces.

Inventory:

Hand Weapons
 a - a +0 hand axe (weapon)
Jewellery
 k - an uncursed ring of wizardry {unknown}
Scrolls
 b - a scroll of noise {unknown}
 e - 3 scrolls of identify {unknown}
 g - 2 scrolls of immolation {unknown}
 i - 3 scrolls of remove curse {unknown}
Potions
 c - 4 potions of degeneration {unknown}
 d - 4 potions of mutation {unknown}
 f - a potion of might {unknown}
 h - a potion of haste {unknown}
 j - a potion of brilliance {unknown}


   Skills:
 - Level 3.6 Fighting
 * Level 6.0 Axes
 - Level 2.4 Armour
 - Level 2.1 Dodging


You had 3 spell levels left.
You didn't know any spells.
Your spell library was empty.

Dungeon Overview and Level Annotations

Branches:
Dungeon (3/15)

Altars:


Innate Abilities, Weirdness & Mutations

You reflexively headbutt those who attack you in melee.
You have a pair of horns on your head.


Message History

You are too injured to fight recklessly!
You are too injured to fight recklessly!
You are too injured to fight recklessly!
Unknown command.
You are too injured to fight recklessly!
You feel a strong urge to attack something.
The orc misses you. The orc hits you with a +0 mace.
There is a stone staircase leading up, spattered with blood here.
Unknown command.
You feel your anger nearly subside.
You climb upwards.
You are no longer berserk.
You pass out from exhaustion.
You feel yourself slow down. The orc hits you with a +0 club.
The worm bites you.
* * * LOW HITPOINT WARNING * * *
The orc hits you with a +0 club!
* * * LOW HITPOINT WARNING * * *
The worm bites you!
You die...

..........................##...##
......######..###..........#)###
.###### #.......##.####..## ##
#.#####.##.# #.## # #.# #.##.#
#.# # #.# #....# #.# # #.# #.####
#.# ############.#####.# #.######
.............>.o@wo# #.(.....
#############.####.# ########
......# #.####.# #####.# #.##...#
#.# #.##.### #.# #.##.# #####.#
#.##.# ......# #.##.# #######
#.##.#


You could see a worm and 2 orcs.

Vanquished Creatures
  Robin (D:2)
  An ooze (D:2)
  A worm (D:2)
  A dart slug (D:1)
  An orc (D:3)
  3 giant cockroaches
  12 goblins
  6 hobgoblins
  2 jackals (D:1)
  A kobold (D:1)
  2 quokkas (D:2)
  2 bats (D:1)
  6 frilled lizards
  4 rats
  A bush (D:1)
44 creatures vanquished.

Notes
Turn   | Place    | Note
-------+----------+-------------------------------------------
     0 | D:1      | Zeld the Minotaur Berserker began the quest for the Orb.
     0 | D:1      | Reached XP level 1. HP: 19/19 MP: 0/0
   208 | D:1      | Reached skill level 4 in Axes
   568 | D:1      | Reached XP level 2. HP: 23/26 MP: 1/1
  1392 | D:2      | Noticed Robin
  1395 | D:2      | Killed Robin
  1396 | D:2      | Reached skill level 5 in Axes
  1396 | D:2      | Reached XP level 3. HP: 31/31 MP: 2/2
  1401 | D:2      | Reached ** piety under Trog
  1801 | D:2      | Found a faded altar of an unknown god.
  2362 | D:3      | Reached skill level 6 in Axes
  2362 | D:3      | Reached XP level 4. HP: 24/39 MP: 3/3
  2368 | D:2      | Mangled by a worm

Illustrated notes

Levels and vault maps discovered:
D:1:      dpeg_arrival_pond, layout_basic, serial_forest,
          infiniplex_forest_straight_1, infiniplex_forest_straight_3,
          infiniplex_forest_join, infiniplex_forest_end_2,
          infiniplex_forest_corner_1, infiniplex_forest_lined_room_3,
          infiniplex_forest_clump_C, grunt_decor_junction
D:2:      layout_loops_ring, chequers_ecumenical_altar_grove, uniq_robin
D:3:      layout_rooms, nicolae_overflow_hidden_temple,
          eat_drink_and_be_merry_uskayaw, lemuel_blue_sif_altar

Skill      XL: |  1  2  3 |
---------------+----------+-----
Axes           | 4 5 6 |  6.0
Fighting       | |  3.6
Armour         | |  2.4
Dodging        | |  2.1

Action                   |  1- 3 |  4- 6 || total
-------------------------+-------+-------++-------
Melee: Hand axe          |   141 |       ||   141
       Headbutt          |    29 |       ||    29
Invok: Berserk           |     1 |     1 ||     2
Dodge: Dodged            |    47 |     1 ||    48
